 Seeded DCSS version 0.30-a0-29-g142975f185 (webtiles) character file.

Game seed: 14514352787368662025 (custom seed)

23557 wilfster70 the Fighter (level 13, -4/83 HPs)
             Began as a Gargoyle Earth Elementalist on Aug 26, 2022.
             Was an Elder of Vehumet.
             Slain by a cane toad (14 damage)
             ... on level 1 of the Lair of Beasts.
             The game lasted 00:36:20 (17632 turns).

wilfster70 the Fighter (GrEE)                      Turns: 17632, Time: 00:36:21

Health: -4/83      AC:  9    Str: 14    XL:     13   Next: 7%
Magic:  16/34      EV: 11    Int: 23    God:    Vehumet [****..]
Gold:   849        SH:  0    Dex: 10    Spells: 7/28 levels left

rFire   + + +      SeeInvis .    a - +6 mace "Enwusine" {vorpal, Int+4}
rCold   + . .      Faith    .    (no shield)
rNeg    + . .      Spirit   .    b - +2 robe {rC+ rF+}
rPois   ∞          Reflect  .    t - +1 helmet
rElec   +          Harm     .    (no cloak)
rCorr   .          Rampage  .    (no gloves)
Will    .....                    m - +1 pair of boots
Stlth   ++........               j - amulet of the acrobat
HPRegen 0.23/turn                x - ring "Pemooxea" {*Corrode rF++ MP+9}
MPRegen 0.24/turn                v - ring of wizardry

@: corroded
A: sickness immunity, AC +9, negative energy resistance 1, electricity
resistance, torment resistance 1, petrification resistance
a: Renounce Religion


You were on level 1 of the Lair of Beasts.
You worshipped Vehumet.
Vehumet was greatly pleased with you.
You visited 3 branches of the dungeon, and saw 13 of its levels.
You also visited: Sewer, Ossuary and Bailey.

You collected 941 gold pieces.
You spent 92 gold pieces at shops.

Inventory:

Hand Weapons
 a - the +6 mace "Enwusine" (weapon) {vorpal, Int+4}
   (You found it on level 3 of the Dungeon)

   It inflicts extra damage upon your enemies.
   Int:       It affects your intelligence (+4).
Armour
 b - a +2 robe of resistance (worn)
 m - a +1 pair of boots (worn)
 t - a +1 helmet (worn)
Jewellery
 j - an amulet of the acrobat (around neck)
 v - a ring of wizardry (right hand)
 x - the ring "Pemooxea" (left hand) {*Corrode rF++ MP+9}
   (You found it on level 9 of the Dungeon)

   [ring of magical power]

   rF:        It greatly protects you from fire.
   MP:        It affects your magic capacity (+9).
   *Corrode:  It may corrode you when you take damage.
 A - an amulet of guardian spirit
Wands
 n - a wand of flame (50)
 p - a wand of quicksilver (8)
 C - a wand of iceblast (14)
Scrolls
 c - a scroll of fear
 h - 5 scrolls of teleportation
 r - 3 scrolls of identify
 u - 3 scrolls of amnesia
 w - 3 scrolls of magic mapping
 B - 3 scrolls of poison
 D - 2 scrolls of butterflies
Potions
 d - 2 potions of magic
 e - 3 potions of haste
 f - 5 potions of invisibility
 g - 7 potions of curing
 i - a potion of brilliance
 k - 2 potions of might
 o - 5 potions of heal wounds
 q - 6 potions of mutation
 s - 2 potions of lignification
 y - 2 potions of flight
 z - 2 potions of resistance


   Skills:
 - Level 10.6 Fighting
 - Level 6.5 Maces & Flails
 - Level 1.5 Dodging
 - Level 2.1 Stealth
 - Level 8.0 Spellcasting
 + Level 8.0 Conjurations
 * Level 6.7 Hexes
 + Level 4.6 Summonings
 - Level 8.0 Necromancy
 - Level 0.7 Transmutations
 - Level 8.0 Earth Magic


You had 7 spell levels left.
You knew the following spells:

 Your Spells              Type           Power      Damage    Failure   Level
a - Sandblast             Erth           92%        2d19      1%          1
b - Stone Arrow           Conj/Erth      92%        3d12      1%          3
c - Scorch                Fire           18%        2d6       1%          2
d - Borgnjor's Vile Clut  Necr/Erth      23%        N/A       2%          5
e - Summon Mana Viper     Hex/Summ       35%        N/A       8%          5
f - Irradiate             Conj/Tmut      14%        3d16      4%          5

Your spell library contained the following spells:

 Spells                   Type           Power      Damage    Failure   Level
 Magic Dart               Conj           100%       1d8       1%          1
 Slow                     Hex            100%       N/A       1%          1
 Call Imp                 Summ           30%        N/A       1%          2
 Passwall                 Tmut/Erth      24%        N/A       1%          2
 Poisonous Vapours        Pois/Air       18%        N/A       1%          2
 Static Discharge         Conj/Air       54%        3-7/arc   1%          2
 Confusing Touch          Hex            40%        N/A       1%          3
 Conjure Flame            Conj/Fire      27%        6-21      1%          3
 Dazzling Flash           Conj/Hex       86%        N/A       1%          3
 Mephitic Cloud           Conj/Pois/Air  21%        N/A       1%          3
 Vampiric Draining        Necr           46%        2d9       1%          3
 Animate Dead             Necr           46%        N/A       1%          4
 Dispel Undead            Necr           46%        3d18      1%          4
 Iskenderun's Mystic Bla  Conj/Tloc      27%        2d7       1%          4
 Sticky Flame             Conj/Fire      27%        2d5       1%          4
 Beastly Appendage        Tmut           24%        N/A       2%          1
 Sting                    Tmut/Pois      40%        1d5       2%          1
 Ignite Poison            Fire/Tmut/Pois 10%        N/A       2%          3
 Wereblood                Tmut           12%        N/A       3%          2
 Petrify                  Tmut/Erth      29%        N/A       4%          4
 Spider Form              Tmut/Pois      10%        N/A       8%          3
 Olgreb's Toxic Radiance  Pois           9%         N/A       8%          4
 Death Channel            Necr           23%        N/A       16%         6
 Starburst                Conj/Fire      13%        6d6       21%         6
 Summon Forest            Summ/Tloc      9%         N/A       28%         5
 Alistair's Intoxication  Tmut/Pois      6%         N/A       52%         5
 Summon Cactus Giant      Summ           15%        N/A       52%         6
 Eringya's Noxious Bog    Tmut/Pois      5%         N/A       61%         6


Dungeon Overview and Level Annotations

Branches:
Dungeon (11/15)            Temple (1/1) D:5            Lair (1/5) D:8
    Orc (0/2) D:11          Sewer (visited)         Ossuary (visited)
 Bailey (visited)

Altars:
Ashenzari
Elyvilon
Hepliaklqana
Kikubaaqudgha
Okawaru
Trog
Vehumet
Wu Jian
Yredelemnul

Shops:
D:1 [

Portals:
Trove: D:11 (show slimy rune of Zot)


Innate Abilities, Weirdness & Mutations

You are immune to sickness and miasma.
Your stone body is resilient. (AC +9)
You are immune to poison.
You resist negative energy. (rN+)
You are resistant to electric shocks. (rElec)
You are resistant to unholy torment.
You are immune to petrification.


Message History

Casting: Sandblast (safe; 1% risk of failure)
Confirm with . or Enter, or press ? or * to list all spells.
Aiming: Sandblast (safe; 1% risk of failure)
Press: ? - help, Shift-Dir - straight line, f/p - elephant
Aim: an elephant (almost dead, 100% to hit)
The blast of sand hits the elephant but does no damage.
The elephant is almost dead.
The cane toad stings you!
* * * LOW HITPOINT WARNING * * *
Your corrosive artefact corrodes you!
The elephant tramples you but does no damage.
The elephant closely misses you. The cane toad misses you.
The elephant tramples you but does no damage.
The elephant barely misses you.
You feel much better. The cane toad misses you. The elephant tramples you!
* * * LOW HITPOINT WARNING * * *
You hold your ground!
The elephant trunk-slaps you but does no damage.
Casting: Sandblast (safe; 1% risk of failure)
Confirm with . or Enter, or press ? or * to list all spells.
Aiming: Sandblast (safe; 1% risk of failure)
Press: ? - help, Shift-Dir - straight line, f/p - elephant
Aim: an elephant (almost dead, 100% to hit)
The blast of sand hits the elephant.
The elephant is almost dead.
The cane toad barely misses you. The elephant barely misses you.
The elephant trunk-slaps you.
* * * LOW HITPOINT WARNING * * *
Your corrosive artefact corrodes you!
The cane toad stings you.
* * * LOW HITPOINT WARNING * * *
Casting: Sandblast (safe; 1% risk of failure)
Confirm with . or Enter, or press ? or * to list all spells.
Aiming: Sandblast (safe; 1% risk of failure)
Press: ? - help, Shift-Dir - straight line, f/p - elephant
Aim: an elephant (almost dead, 100% to hit)
The blast of sand hits the elephant!!
You kill the elephant!
Vehumet accepts your kill.
You feel your power returning. The cane toad stings you!
You die...

##...# #P..# #....
#..## ..... ##.###
..... #....#
...... ##..#.....#
......##..##......
.........## .....
......#.## .....
......F@# ....
.....#.## ..?.
....... ......#
...... ......
....## ....


You could see a cane toad.

Vanquished Creatures
  2 hydras
  2 centaur warriors (D:11)
  4 two-headed ogres
  An orc knight (Bailey)
  An ugly thing (D:11)
  2 cyclopes (D:11)
  2 manticores (D:11)
  3 elephants (Lair:1)
  A freezing wraith (D:11)
  A komodo dragon (D:11)
  4 trolls
  2 shadows
  A wraith (D:9)
  Sigmund (D:6)
  22 yaks
  A vampire (D:9)
  A wyvern (D:11)
  A steam dragon (D:8)
  3 water moccasins
  4 orc warriors
  2 ice beasts
  5 sky beasts
  2 black bears (D:6)
  5 centaurs
  A kobold brigand (D:9)
  5 bullfrogs
  A gnoll sergeant (D:8)
  2 scorpions
  9 wights
  2 water moccasin zombies (Ossuary)
  13 killer bees
  3 howler monkeys
  5 hounds
  A jelly (D:6)
  2 orc priests
  4 orc wizards
  3 iguanas
  2 mummies (Ossuary)
  3 howler monkey zombies (D:8)
  15 gnolls
  11 adders
  4 river rats (D:3)
  4 adder zombies (Ossuary)
  2 worms
  3 dart slugs
  59 orcs
  9 ball pythons
  3 endoplasms
  11 giant cockroaches
  5 hobgoblins
  7 jackals
  12 quokkas
  5 bats
  14 frilled lizards
  A gnoll zombie (Ossuary)
  5 goblins
  6 hobgoblin zombies (Ossuary)
  15 kobolds
  2 kobold zombies (Ossuary)
  2 orc zombies (Ossuary)
  6 rats
330 creatures vanquished.

Vanquished Creatures (others)
  A wizard (D:5)
  9 plants
10 creatures vanquished.

Grand Total: 340 creatures vanquished

Notes
Turn   | Place    | Note
-------+----------+-------------------------------------------
     0 | D:1      | wilfster70 the Gargoyle Earth Elementalist began the quest
                  | for the Orb.
     0 | D:1      | Reached XP level 1. HP: 10/10 MP: 3/3
   358 | D:1      | Reached XP level 2. HP: 15/15 MP: 0/5
   455 | D:1      | Found Waennarph's Antique Armour Shop.
   913 | D:1      | Reached XP level 3. HP: 19/19 MP: 4/6
  1551 | D:2      | Reached skill level 5 in Earth Magic
  1607 | D:2      | Identified the +6 hand axe of the New World {venom, rPois
                  | Int+4}
  1982 | D:2      | Reached XP level 4. HP: 24/24 MP: 4/8
  2019 | D:2      | Found a faded altar of an unknown god.
  2247 | D:3      | Found a glowing drain.
  2260 | Sewer    | Entered a sewer
  2453 | Sewer    | Reached XP level 5. HP: 28/28 MP: 7/9
  2791 | Sewer    | Learned a level 1 spell: Slow
  2869 | Sewer    | Reached XP level 6. HP: 6/32 MP: 3/11
  3232 | Sewer    | Identified the +3 mace of Viocisch {distort, *Corrode Str+2
                  | Int+4 Stlth+}
  3302 | D:3      | Found a broken altar of Ashenzari.
  3353 | D:3      | Identified the +6 mace "Enwusine" {vorpal, Int+4}
  3377 | D:3      | Learned a level 3 spell: Stone Arrow
  4110 | D:4      | Learned a level 5 spell: Borgnjor's Vile Clutch
  4944 | D:5      | Entered Level 5 of the Dungeon
  4953 | D:5      | Found a staircase to the Ecumenical Temple.
  4984 | D:5      | Noticed an ice beast
  4993 | D:5      | Killed an ice beast
  4994 | D:5      | Reached XP level 7. HP: 8/36 MP: 10/13
  5173 | D:5      | Found a sand-covered staircase.
  5178 | Ossuary  | Entered an ossuary
  5261 | Ossuary  | Reached skill level 1 in Necromancy
  5631 | Temple   | Entered the Ecumenical Temple
  5650 | Temple   | Became a worshipper of Vehumet
  5674 | D:5      | Identified the +6 scale mail of the Raven {Contam Str+8
                  | Dex+7 Slay-3}
  5754 | D:5      | Found a bloodstained altar of Trog.
  5757 | D:5      | Noticed a wizard
  5763 | D:5      | Killed a wizard
  6332 | D:6      | Reached skill level 5 in Spellcasting
  6371 | D:6      | Reached XP level 8. HP: 41/41 MP: 11/15
  6764 | D:6      | Noticed Sigmund
  6938 | D:6      | Killed Sigmund
  7153 | D:6      | Reached skill level 5 in Necromancy
  7624 | D:7      | Reached XP level 9. HP: 24/45 MP: 9/18
  8041 | D:1      | Bought a runed robe for 92 gold pieces
  8605 | D:7      | You fall into a shaft and drop 1 floor!
  8632 | D:8      | Found a flagged portal.
  8642 | Bailey   | Entered a bailey
  8845 | Bailey   | Reached * piety under Vehumet
  8845 | Bailey   | Offered knowledge of Freeze by Vehumet.
  8978 | Bailey   | Noticed an orc knight
  8995 | Bailey   | Killed an orc knight
  9677 | D:8      | Noticed a six-headed hydra
  9685 | D:8      | Killed a six-headed hydra
  9686 | D:8      | Reached XP level 10. HP: 51/51 MP: 4/22
  9706 | D:8      | Offered knowledge of Poisonous Vapours by Vehumet.
  9707 | D:8      | Reached skill level 1 in Fighting
  9721 | D:8      | Reached ** piety under Vehumet
  9815 | D:8      | Reached skill level 2 in Fighting
  9945 | D:8      | Reached skill level 3 in Fighting
  9947 | D:8      | Reached skill level 4 in Fighting
 10074 | D:7      | Reached skill level 5 in Fighting
 10142 | D:7      | Reached skill level 6 in Fighting
 10222 | D:8      | Found a staircase to the Lair.
 10872 | D:8      | Found a hazy altar of Hepliaklqana.
 10873 | D:8      | Found a faded altar of an unknown god.
 10886 | D:8      | Reached skill level 7 in Fighting
 11461 | D:9      | Reached skill level 10 in Fighting
 11461 | D:9      | Reached XP level 11. HP: 73/73 MP: 21/23
 11464 | D:9      | Identified the ring "Pemooxea" {*Corrode rF++ MP+9}
 11580 | D:9      | Offered knowledge of Scorch by Vehumet.
 11783 | D:9      | Learned a level 2 spell: Scorch
 11898 | D:9      | Reached skill level 1 in Conjurations
 12000 | D:9      | Reached *** piety under Vehumet
 12420 | D:10     | Entered Level 10 of the Dungeon
 12420 | D:10     | Noticed a two-headed ogre
 12427 | D:10     | Killed a two-headed ogre
 12427 | D:10     | Offered knowledge of Airstrike by Vehumet.
 12428 | D:10     | Reached skill level 5 in Conjurations
 12428 | D:10     | Reached XP level 12. HP: 46/79 MP: 24/24
 12810 | D:9      | Learned a level 5 spell: Summon Mana Viper
 13117 | D:10     | Noticed a two-headed ogre
 13123 | D:10     | Killed a two-headed ogre
 13124 | D:10     | Reached skill level 1 in Hexes
 13124 | D:10     | Reached skill level 1 in Summonings
 13679 | D:10     | Reached **** piety under Vehumet
 14285 | D:10     | Found an ornate altar of the Wu Jian Council.
 14285 | D:10     | Found an ancient bone altar of Kikubaaqudgha.
 14529 | D:11     | Noticed a two-headed ogre
 14535 | D:11     | Killed a two-headed ogre
 15283 | D:11     | Offered knowledge of Irradiate by Vehumet.
 15290 | D:11     | Learned a level 5 spell: Irradiate
 15572 | D:11     | Found a portal to a secret trove of treasure.
 15631 | D:11     | Noticed a centaur warrior
 15636 | D:11     | Found a staircase to the Orcish Mines.
 15644 | D:11     | Killed a centaur warrior
 15645 | D:11     | Reached skill level 5 in Hexes
 15651 | D:11     | Noticed a centaur warrior
 16023 | D:11     | Killed a centaur warrior
 16489 | D:11     | Noticed a two-headed ogre
 16496 | D:11     | Killed a two-headed ogre
 16709 | D:11     | Noticed a death knight
 16710 | D:11     | Noticed an eight-headed hydra
 16710 | D:11     | Noticed a centaur warrior
 16744 | D:10     | Killed an eight-headed hydra
 16745 | D:10     | Reached XP level 13. HP: 11/83 MP: 14/25
 17242 | Lair:1   | Entered Level 1 of the Lair of Beasts
 17627 | Lair:1   | HP: 2/83 [elephant (6)]
 17632 | Lair:1   | Slain by a cane toad

Illustrated notes

Levels and vault maps discovered:
D:1:      wander_arrival_peaceful_grave, layout_basic, serial_shops, shop,
          minmay_3d_cube
D:2:      layout_loops_ring, ebering_ecumenical_altar_abandoned,
          minmay_misc_feat_roman
D:3:      layout_loops_ring, nicolae_overflow_crystal_walls,
          portal_sewer_entry_e
D:4:      layout_basic
D:5:      layout_loops_ring, trog_wizard, minmay_temple_entry_mini_moons,
          nicolae_ossuary_entry_plus
D:6:      layout_loops_cross, uniq_sigmund
D:7:      layout_basic, moated_statue
D:8:      layout_basic, beargit_hepliaklqana_dungeon_heroes, lair_entry_dummy,
          serial_undead, serial_undead_d, serial_undead_c, serial_undead_c,
          serial_undead_f, enter_bailey_2
D:9:      layout_roguey [special_room_orc], kennysheep_generic_room_11
D:10:     layout_stronghold, gammafunk_temple_overflow_wave
D:11:     layout_cave_pods, orc_0_dummy, nicolae_trove_entry_isolated,
          minmay_shattered_shrine
Temple:   minmay_crystal_spiral_temple
Lair:1:   layout_cave_pods, lemuel_fruit_tree, grunt_megastairs_2,
          infiniplex_staircase_pool

Skill      XL: |  1  2  3  4  5  6  7  8  9 10 11 12 13 |
---------------+----------------------------------------+-----
Earth Magic    | 4 5 6 8 |  8.0
Spellcasting   | 3 4 5 6 8 |  8.0
Necromancy     | 2 5 8 |  8.0
Fighting       | 10 | 10.6
Maces & Flails | 6 |  6.5
Conjurations   | 5 7 8 |  8.0
Hexes          | 6 |  6.7
Summonings     | 4 |  4.6
Dodging        | |  1.5
Stealth        | |  2.1
Transmutations | |  0.7

Action                   |  1- 3 |  4- 6 |  7- 9 | 10-12 | 13-15 || total
-------------------------+-------+-------+-------+-------+-------++-------
Melee: Unarmed           |    13 |       |       |       |       ||    13
       Punch             |     1 |       |       |       |       ||     1
       Short sword       |     5 |     2 |       |       |       ||     7
       Mace              |       |    10 |     8 |    97 |       ||   115
 Cast: Sandblast         |    56 |   112 |   101 |   124 |    18 ||   411
       Slow              |       |     3 |       |       |       ||     3
       Stone Arrow       |       |     3 |    56 |    61 |     4 ||   124
       Borgnjor's Vile C |       |       |     4 |    24 |     4 ||    32
       Irradiate         |       |       |       |     3 |       ||     3
  Use: Scroll            |       |     7 |    12 |    11 |     2 ||    32
       Potion            |       |     2 |     2 |     3 |     4 ||    11
Armor: Robe              |    19 |    41 |    26 |   180 |    44 ||   310
Dodge: Dodged            |    48 |    78 |    59 |   191 |    80 ||   456

Table legend: (Time is in decaauts)
 A = Elapsed time spent in this place.
 B = Non-inter-level travel time spent in this place.
 C = Inter-level travel time spent in this place.
 D = Time resting spent in this place.
 E = Time spent auto-exploring this place.
 F = Levels seen in this place.
 G = Mean time per level.
                   A        B        C        D        E       F      G
               +--------+--------+--------+--------+--------+-----+--------+
         Total |  17928 |  17095 |    833 |   6000 |   7325 |  16 | 1120.5 |
       Dungeon |  15767 |  14953 |    814 |   4868 |   7201 |  11 | 1433.4 |
        Temple |     38 |     19 |     19 |      0 |      0 |   1 |   38.0 |
          Lair |     83 |     83 |      0 |      0 |      0 |   1 |   83.0 |
         Sewer |   1072 |   1072 |      0 |    624 |     69 |   1 | 1072.0 |
       Ossuary |    308 |    308 |      0 |    165 |      0 |   1 |  308.0 |
        Bailey |    657 |    657 |      0 |    343 |     55 |   1 |  657.0 |
               +--------+--------+--------+--------+--------+-----+--------+

Top non-repeatable levels by time:
    D:10: 2444 daAuts
     D:8: 1952 daAuts
    D:11: 1924 daAuts
     D:7: 1466 daAuts
     D:9: 1443 daAuts
     D:1: 1401 daAuts
     D:6: 1257 daAuts
     D:4: 1106 daAuts
   Sewer: 1072 daAuts
     D:5: 1061 daAuts
     D:3: 925 daAuts
     D:2: 783 daAuts
  Bailey: 657 daAuts
 Ossuary: 308 daAuts
  Lair:1: 83 daAuts
